 Dungeon Crawl Stone Soup version 0.18.1-8-gdd0e5ea (webtiles) character file.

239 Firecrotchwizard the Chopper (level 5, -9/46 HPs)
             Began as a Minotaur Gladiator on June 9, 2016.
             Was a Follower of Ru.
             Mangled by an iguana (12 damage)
             ... on level 4 of the Dungeon.
             The game lasted 00:11:13 (2336 turns).

Firecrotchwizard the Chopper (Minotaur Gladiator)   Turns: 2336, Time: 00:11:14

Health: -9/46      AC:  3    Str: 21    XL:     5   Next: 79%
Magic:  4/4        EV: 13    Int:  5    God:    Ru [*.....]
Gold:   114        SH:  0    Dex: 10    Spells: 0 memorised, 4 levels left

rFire  + . .     SeeInvis .     a - +0 war axe
rCold  . . .     Gourm    +     b - +0 leather armour
rNeg   . . .     Faith    .     (no shield)
rPois  .         Spirit   .     c - +0 hat
rElec  .         Dismiss  .     (no cloak)
rCorr  .         Reflect  .     (no gloves)
SustAt .         Harm     .     (no boots)
MR     .....                    v - amulet of the gourmand
Stlth  +.........               (no ring)
                                q - ring of protection from fire

@: not resistant to hostile enchantments, very unstealthy
A: retaliatory headbutt, horns 2, hated by all
a: Renounce Religion


You were on level 4 of the Dungeon.
You worshipped Ru.
Ru was aware of your devotion.
You were not hungry.

You visited 1 branch of the dungeon, and saw 4 of its levels.

You collected 114 gold pieces.

Inventory:

Hand Weapons
 a - a +0 war axe (weapon)
 p - a +0 dagger
Missiles
 d - 3 throwing nets (quivered)
Armour
 b - a +0 leather armour (worn)
 c - a +0 hat (worn)
Jewellery
 q - a ring of protection from fire (left hand)
 v - an amulet of the gourmand (around neck)
Scrolls
 e - a scroll of amnesia
 j - 2 scrolls of blinking
 l - 2 scrolls of teleportation {unknown}
 m - a scroll of noise {unknown}
 t - a scroll of fear {unknown}
 u - a scroll of fog {unknown}
 w - a scroll of recharging {unknown}
 x - 5 scrolls of identify
 y - a scroll of remove curse {unknown}
Potions
 h - a potion of curing {unknown}
 i - a potion of haste
 n - 2 potions of brilliance {unknown}
 o - 2 potions of agility
 r - a potion of magic {unknown}
 z - a potion of invisibility {unknown}
 A - a potion of flight {unknown}
 B - a potion of mutation {unknown}
Comestibles
 f - 4 bread rations
 g - 3 meat rations
 k - a beef jerky
 s - a slice of pizza


   Skills:
 + Level 3.9 Fighting
 + Level 5.0 Axes
 + Level 2.4 Throwing
 + Level 2.2 Armour
 + Level 4.9 Dodging
 + Level 0.3 Stealth


You had 4 spell levels left.
You didn't know any spells.

Dungeon Overview and Level Annotations

Branches:
Dungeon (4/15)
 Temple: D:4-7

Altars:
Okawaru
Ru
Trog
Yredelemnul
Zin


Innate Abilities, Weirdness & Mutations

You reflexively headbutt those who attack you in melee.
You have a pair of horns on your head.
You are hated by all.


Message History

The orc priest hits you but does no damage.
You slash the orc priest!
The orc priest is severely wounded.
You completely miss the jackal. You hit the iguana but do no damage.
The iguana is heavily wounded.
The jackal misses you. The iguana bites you! The jackal misses you.
The orc priest mumbles some strange prayers to Beogh against you.
You barely resist. The orc wizard closely misses you.
You barely miss the orc priest. You headbutt the orc priest.
The orc priest is almost dead.
You closely miss the orc wizard. You hit the jackal.
You kill the jackal!
You hit the iguana but do no damage.
The iguana is heavily wounded.
The iguana bites you. The orc wizard hits you with a dagger.
The orc priest invokes the aid of Beogh against you.
Pain shoots through your body!
* * * LOW HITPOINT WARNING * * *
The jackal closely misses you. The iguana bites you!
You die...

...... ####...$.
.........
........#
.........
........#
.....hlh#
.....ho@##########
###...o..........#
#..?.....#####.#
#.. #..........#
#.# #..
#######.#..# #.#
#.. .....# #.# #..
##.##.###.####..#
#.. .#..........
### ##.#........


You could see an iguana, an orc priest, an orc wizard and 3 jackals.

Vanquished Creatures
  A scorpion (D:4)
  An orc wizard (D:3)
  Ijyb (D:2)
  7 adders
  2 worms
  2 dart slugs (D:1)
  A giant gecko (D:3)
  5 orcs
  6 giant cockroaches
  6 goblins
  8 hobgoblins
  A jackal (D:4)
  4 kobolds
  A quokka (D:2)
  3 ball pythons
  6 bats
  3 giant newts
  8 rats
  A fungus (D:2)
67 creatures vanquished.

Notes
Turn   | Place    | Note
--------------------------------------------------------------
     0 | D:1      | Firecrotchwizard the Minotaur Gladiator began the quest for the Orb.
     0 | D:1      | Reached XP level 1. HP: 18/18 MP: 0/0
    45 | D:1      | Reached XP level 2. HP: 9/25 MP: 1/1
   624 | D:2      | Noticed Ijyb
   629 | D:2      | Reached skill level 4 in Axes
   629 | D:2      | Reached XP level 3. HP: 25/30 MP: 2/2
   638 | D:2      | Killed Ijyb
   644 | D:2      | Found a basalt altar of Yredelemnul.
   718 | D:2      | Found a sacrificial altar of Ru.
   728 | D:2      | Became a worshipper of Ru the Awakened
   766 | D:2      | Reached XP level 4. HP: 21/38 MP: 3/3
  1235 | D:2      | Reached skill level 1 in Armour
  1440 | D:3      | Reached XP level 5. HP: 28/45 MP: 4/4
  1469 | D:3      | Found a faded altar to an unknown god.
  1918 | D:3      | Gained mutation: You are hated by all. [Ru sacrifice]
  1918 | D:3      | Reached * piety under Ru
  2028 | D:3      | Found a bloodstained altar of Trog.
  2029 | D:3      | Found a glowing silver altar of Zin.
  2033 | D:3      | Found an iron altar of Okawaru.
  2220 | D:4      | Reached skill level 5 in Axes
  2336 | D:4      | Mangled by an iguana

Skill      XL: |  1  2  3  4  5 |
---------------+----------------+-----
Axes           | 4 5 |  5.0
Fighting       | 3 |  3.9
Dodging        | 4 |  4.9
Armour         | 1 2 |  2.2
Throwing       | |  2.4
Stealth        | |  0.3

Action                   |  1- 3 |  4- 6 || total
-------------------------+-------+-------++-------
Melee: War axe           |    59 |    78 ||   137
       Headbutt          |     5 |    12 ||    17
Invok: Sacrifice Love    |       |     1 ||     1
  Use: Scroll            |     1 |     4 ||     5
  Eat: Meat ration       |       |     1 ||     1
       Chunk             |       |     2 ||     2
Armor: Leather armour    |    14 |    16 ||    30
Dodge: Dodged            |    47 |    61 ||   108
